[Event "Titled Tuesday Blitz July 4 Late 2023"]
[White "Coelho, Ramyres Santana"]
[Black "Petesch, Gabriel"]
[WhiteFideId "2120690"]
[BlackFideId "2032465"]
[WhiteElo "2304"]
[BlackElo "2567"]
[Result "0-1"]
[Round "1"]
[TimeControl "180+2"]
[Date "2023.07.04"]
[WhiteClock "0:00:12"]
[BlackClock "0:00:11"]
[Board "134"]

1. e4 d6 2. d4 e5 3. dxe5 dxe5 4. Qxd8+ Kxd8 5. Nf3 f6 6. Bc4 c6 7. Nc3 Kc7 8. Be3 Nd7 9. O-O-O Nb6 10. Bb3 Bb4 11. a3 Bxc3 12. bxc3 Nd7 13. c4 c5 14. Rd5 Ne7 15. Rhd1 Nxd5 16. cxd5 Kd6 17. Nd2 b5 18. c4 a6 19. a4 b4 20. g3 a5 21. f4 Ba6 22. Nf3 Rae8 23. fxe5+ Nxe5 24. Nxe5 fxe5 25. Rd2 Rhf8 26. Kc2 Rf3 27. Kd3 Ref8 28. Bd1 Bxc4+ 29. Kxc4 Rxe3 30. Kb5 c4 31. Kxc4 Rb8 32. Rc2 Rxe4+ 33. Kb3 Re3+ 34. Kb2 Kxd5 35. Be2 Rc3 36. Rd2+ Ke4 37. Bb5 g5 38. Re2+ Kd5 39. Rd2+ Ke6 40. Bd7+ Ke7 41. Bb5 Rd8 42. Re2 Ke6 43. Rf2 e4 44. h4 h6 45. hxg5 hxg5 46. Re2 e3 47. Kb1 Ke5 48. Rh2 Rd1+ 49. Kb2 Rd2+ 50. Rxd2 exd2 51. Be2 Kd4 52. Bd1 Ke3 53. g4 Kf2 54. Bb3 Ke1 55. Bc2 Rxc2+ 56. Kb3 Rc3+ 57. Kb2 d1=Q 58. Ka2 Qd2+ 59. Kb1 b3 60. Ka1 b2+ 61. Ka2 Ra3+ 62. Kxa3 Kd1 63. Kb3 b1=Q+ 64. Kc4 Qbb4# 0-1


[Site "https://www.chess.com"]

[Event "Titled Tuesday Blitz July 4 Late 2023"]
[White "ATM622"]
[Black "Ardila, Oscar Humberto"]
[BlackFideId "4404742"]
[WhiteElo "2563"]
[BlackElo "2302"]
[Result "1/2-1/2"]
[Round "1"]
[TimeControl "180+2"]
[Date "2023.07.04"]
[WhiteClock "0:00:08"]
[BlackClock "0:00:03"]
[Board "135"]

1. d4 Nf6 2. c4 e6 3. g3 Bb4+ 4. Nd2 O-O 5. Bg2 d5 6. Qc2 Nc6 7. Nf3 dxc4 8. Qxc4 Qe7 9. O-O Rd8 10. a3 Bxd2 11. Bxd2 Bd7 12. b4 a6 13. Rac1 Ne4 14. Bf4 Nd6 15. Qb3 Rac8 16. Ne5 Nxe5 17. Bxe5 c6 18. e4 f6 19. Bxd6 Qxd6 20. Rfd1 Kh8 21. Qe3 Qe7 22. f4 Be8 23. e5 Bh5 24. Bf3 Bxf3 25. Qxf3 f5 26. Qc3 Rd5 27. Kf2 Rcd8 28. Rd2 Qd7 29. Rcd1 Qe7 30. Qe3 Qf7 31. Qc3 Qh5 32. Kg2 h6 33. Qf3 Qf7 34. Qb3 Qd7 35. Qc4 Kh7 36. a4 g5 37. Kh1 Kg6 38. Qe2 Qe7 39. Qc4 R8d7 40. Kg2 Qd8 41. Qc3 Qb6 42. Qc4 Qd8 43. a5 g4 44. h3 gxh3+ 45. Kxh3 h5 46. Kh2 Kf7 47. Qe2 Qh8 48. Kg2 Kg6 49. Qe3 Qf8 50. Qc3 Rh7 51. Rh1 Qd8 52. Kg1 Rhd7 53. Qf3 Rh7 54. Qe3 Kg7 55. Kg2 Qe8 56. Rdd1 Qe7 57. Qc3 Qf7 58. Rh4 Kg6 59. Qf3 Qe7 60. Rdh1 Qxb4 61. Rxh5 Qd2+ 62. Kf1 Qc1+ 63. Kg2 Qb2+ 64. Kf1 Qb1+ 65. Kg2 Qc2+ 66. Kg1 Qc1+ 67. Kg2 Qd2+ 68. Kf1 Qc1+ 69. Ke2 Qb2+ 70. Kf1 Qc1+ 1/2-1/2


[Site "https://www.chess.com"]

[Event "Titled Tuesday Blitz July 4 Late 2023"]
[White "Alexikov, Alexander"]
[Black "Dinosaurio_1975"]
[WhiteFideId "14103958"]
[WhiteElo "2300"]
[BlackElo "2563"]
[Result "0-1"]
[Round "1"]
[TimeControl "180+2"]
[Date "2023.07.04"]
[WhiteClock "0:00:00"]
[BlackClock "0:00:17"]
[Board "136"]

1. e4 c6 2. d3 d5 3. Nd2 e5 4. Ngf3 Bd6 5. g3 Nf6 6. Bg2 O-O 7. O-O Re8 8. Re1 Nbd7 9. Qe2 a5 10. a4 Qc7 11. b3 b6 12. Bb2 Ba6 13. Qd1 Nc5 14. Qb1 Rad8 15. Qa2 dxe4 16. Nxe4 Ncxe4 17. dxe4 Bc5 18. Ba3 Qe7 19. Qb2 Ng4 20. Bxc5 Qxc5 21. c3 Rd3 22. Rac1 Red8 23. Rc2 Rd1 24. Rc1 R1d3 25. h3 Nf6 26. Qc2 b5 27. b4 axb4 28. cxb4 Qxc2 29. Rxc2 bxa4 30. Rxc6 Bb7 31. Rc5 Bxe4 32. Nxe5 R3d4 33. Bxe4 Rxe4 34. Rxe4 Nxe4 35. Ra5 f6 36. Ng4 Rd1+ 37. Kg2 Nc3 38. Rc5 a3 39. Rxc3 a2 40. Ra3 a1=Q 41. Rxa1 Rxa1 42. Ne3 Rb1 43. Nd5 Kf7 44. Kf3 Ke6 45. Nf4+ Kf5 46. h4 Rb3+ 0-1


[Site "https://www.chess.com"]

[Event "Titled Tuesday Blitz July 4 Late 2023"]
[White "Sousa, Andre Ventura"]
[Black "Dylag, Emilia"]
[WhiteFideId "1917617"]
[BlackFideId "21805172"]
[WhiteElo "2563"]
[BlackElo "2298"]
[Result "0-1"]
[Round "1"]
[TimeControl "180+2"]
[Date "2023.07.04"]
[WhiteClock "0:00:30"]
[BlackClock "0:01:45"]
[Board "137"]

1. e4 e5 2. Nf3 Nc6 3. Bb5 a6 4. Ba4 Nf6 5. O-O b5 6. Bb3 Be7 7. d3 O-O 8. Nc3 d6 9. a3 Nb8 10. d4 exd4 11. Qxd4 c5 12. Qd1 c4 13. Ba2 Bg4 14. h3 Bh5 15. b3 Nc6 16. g4 Nxg4 17. hxg4 Bxg4 18. Qd5 Bxf3 19. Qxc6 Bg5 20. Be3 Bf4 21. Ne2 Qh4 22. Ng3 Bxg3 23. a4 Qh2# 0-1


[Site "https://www.chess.com"]

[Event "Titled Tuesday Blitz July 4 Late 2023"]
[White "Gerbelli Neto, Eduardo"]
[Black "Siniauski, Artsiom"]
[WhiteFideId "2103281"]
[BlackFideId "13512269"]
[WhiteElo "2295"]
[BlackElo "2562"]
[Result "1-0"]
[Round "1"]
[TimeControl "180+2"]
[Date "2023.07.04"]
[WhiteClock "0:00:35"]
[BlackClock "0:00:08"]
[Board "138"]

1. e4 e6 2. d4 d5 3. Nc3 Nf6 4. e5 Nfd7 5. Nf3 c5 6. dxc5 Bxc5 7. Bd3 Nc6 8. Bf4 a6 9. O-O b5 10. a3 Qb6 11. Qd2 h6 12. h4 Bb7 13. b4 Be7 14. Ne2 g5 15. hxg5 hxg5 16. Bxg5 Ncxe5 17. Nxe5 Nxe5 18. Bxe7 Kxe7 19. Qg5+ f6 20. Qg7+ Kd6 21. Ng3 Rhg8 22. Nf5+ Kc6 23. Ne7+ Kd7 24. Nxg8+ Kc8 25. Qxf6 Nd7 26. Qg7 d4 27. Rfe1 Kc7 28. Be4 Bxe4 29. Rxe4 Qc6 30. Nf6 Rd8 31. Rae1 Qxc2 32. Rxd4 Qc6 33. Rxd7+ 1-0


[Site "https://www.chess.com"]

[Event "Titled Tuesday Blitz July 4 Late 2023"]
[White "Vovk, Orest"]
[Black "Vaglio Munoz, Jaime"]
[WhiteFideId "14113490"]
[BlackFideId "6500145"]
[WhiteElo "2561"]
[BlackElo "2294"]
[Result "1-0"]
[Round "1"]
[TimeControl "180+2"]
[Date "2023.07.04"]
[WhiteClock "0:02:09"]
[BlackClock "0:00:31"]
[Board "139"]

1. g4 d6 2. Bg2 h5 3. g5 g6 4. Nf3 e5 5. d4 Nd7 6. dxe5 dxe5 7. Nc3 c6 8. Ne4 Qc7 9. Be3 b6 10. Qd2 Bb7 11. O-O-O O-O-O 12. Bh3 Ba6 13. Nxe5 Qxe5 14. Bxd7+ Kb7 15. Bxc6+ Kxc6 16. Qxd8 Qe7 17. Qd5+ Kc7 18. Bf4+ Kc8 19. Qa8# 1-0


[Site "https://www.chess.com"]

[Event "Titled Tuesday Blitz July 4 Late 2023"]
[White "Cluke86"]
[Black "Ambartsumova, Karina"]
[BlackFideId "4166299"]
[WhiteElo "2293"]
[BlackElo "2561"]
[Result "1-0"]
[Round "1"]
[TimeControl "180+2"]
[Date "2023.07.04"]
[WhiteClock "0:00:04"]
[BlackClock "0:00:06"]
[Board "140"]

1. e4 e5 2. Nf3 d5 3. Nxe5 Bd6 4. d4 dxe4 5. Bc4 Bxe5 6. Qh5 Qe7 7. dxe5 Nc6 8. Nc3 g6 9. Qe2 Qxe5 10. Qxe4 Nf6 11. Qxe5+ Nxe5 12. Bb5+ c6 13. Be2 O-O 14. Bg5 Nfd7 15. O-O-O f6 16. Be3 Re8 17. Rhe1 Nf7 18. a4 Kg7 19. Bc4 Nde5 20. Bb3 Be6 21. Bxe6 Rxe6 22. h3 a6 23. a5 Rae8 24. Bc5 Nc4 25. Rxe6 Rxe6 26. Bb4 Re5 27. Rd7 Nxa5 28. Bxa5 Rxa5 29. Rxb7 Ra1+ 30. Kd2 Rg1 31. Ne4 Rxg2 32. Nd6 Rxf2+ 33. Ke3 Rxc2 34. Rxf7+ Kh6 35. Rb7 Rh2 36. Nf7+ Kh5 37. Nd6 Rxh3+ 38. Kf4 h6 39. Rb6 Rh2 40. Rxa6 Rxb2 41. Rxc6 g5+ 42. Kg3 Rb3+ 43. Kg2 Kg4 44. Ne4 f5 45. Nf2+ Kh4 46. Rxh6# 1-0


[Site "https://www.chess.com"]

[Event "Titled Tuesday Blitz July 4 Late 2023"]
[White "Moksh Amit Doshi"]
[Black "Zampronha, Wladimir Camilo"]
[WhiteFideId "25064967"]
[BlackFideId "2103087"]
[WhiteElo "2560"]
[BlackElo "2289"]
[Result "1-0"]
[Round "1"]
[TimeControl "180+2"]
[Date "2023.07.04"]
[WhiteClock "0:00:51"]
[BlackClock "0:00:10"]
[Board "141"]

1. e4 c5 2. Nf3 e6 3. d4 cxd4 4. Nxd4 Nc6 5. Nc3 Qc7 6. Be3 a6 7. a3 Nf6 8. f4 d6 9. Qf3 Be7 10. O-O-O O-O 11. Nxc6 bxc6 12. g4 Rb8 13. g5 Nd7 14. h4 Qb7 15. Na4 d5 16. h5 c5 17. exd5 exd5 18. Qxd5 Qxd5 19. Rxd5 Bb7 20. Rxd7 Bxh1 21. Rxe7 Rfe8 22. Bxc5 Rxe7 23. Bxe7 Re8 24. Bb4 Bb7 25. Bd3 Re3 26. Nc5 Bc8 27. g6 fxg6 28. hxg6 h5 29. Bc4+ Kh8 30. Kd2 Re8 31. Bf7 Rd8+ 32. Nd3 h4 33. Be7 1-0


[Site "https://www.chess.com"]

[Event "Titled Tuesday Blitz July 4 Late 2023"]
[White "Schut, Han"]
[Black "Bruedigam, Martin"]
[WhiteFideId "1005561"]
[BlackFideId "24608033"]
[WhiteElo "2288"]
[BlackElo "2558"]
[Result "0-1"]
[Round "1"]
[TimeControl "180+2"]
[Date "2023.07.04"]
[WhiteClock "0:00:12"]
[BlackClock "0:00:21"]
[Board "142"]

1. e4 e5 2. Nf3 Nc6 3. Bc4 Bc5 4. c3 Nf6 5. d4 exd4 6. b4 Bb6 7. e5 Ne4 8. Bd5 Nxc3 9. Nxc3 dxc3 10. Bg5 Ne7 11. O-O O-O 12. Bb3 Qe8 13. Re1 a5 14. Qd3 axb4 15. Bc2 Ng6 16. h4 Qe6 17. h5 Rxa2 18. hxg6 hxg6 19. Rxa2 Qxa2 20. Be7 b3 21. Bxf8 Kxf8 22. Qxc3 Qxc2 23. Qxc2 bxc2 24. Rc1 c6 25. Rxc2 Bc7 26. Re2 Ke7 27. Nd4 b5 28. f4 Bb6 29. Rd2 d6 30. exd6+ Kxd6 31. Kf1 Kc7 32. Nf3 Be6 33. Rb2 Be3 34. g3 Bc4+ 35. Ke1 Bd5 36. Ne5 Bd4 37. Re2 b4 38. Rd2 Bc3 0-1


[Site "https://www.chess.com"]

[Event "Titled Tuesday Blitz July 4 Late 2023"]
[White "Jimenez Almeida, Luis David"]
[Black "Kostiukov, Alexandr"]
[WhiteFideId "22242244"]
[BlackFideId "14108100"]
[WhiteElo "2557"]
[BlackElo "2288"]
[Result "0-1"]
[Round "1"]
[TimeControl "180+2"]
[Date "2023.07.04"]
[WhiteClock "0:00:16"]
[BlackClock "0:00:21"]
[Board "143"]

1. e4 c5 2. Nc3 g6 3. Nge2 Bg7 4. g3 Nc6 5. Bg2 d6 6. O-O e5 7. d3 Nge7 8. Be3 O-O 9. Qd2 Nd4 10. f4 Be6 11. Rae1 Qd7 12. Nd5 Bxd5 13. exd5 Nxe2+ 14. Qxe2 exf4 15. Bxf4 Nf5 16. c3 Rfe8 17. Qd2 Qa4 18. a3 Be5 19. Bxe5 Rxe5 20. Re4 Qd7 21. Bh3 Rae8 22. Qf4 Qd8 23. Rfe1 Rxe4 24. Rxe4 Rxe4 25. dxe4 Ng7 26. e5 Ne8 27. b4 b6 28. Bg2 Qe7 29. exd6 Nxd6 30. h4 f6 31. Kh2 Qe5 32. Qg4 Nf5 33. bxc5 bxc5 34. h5 Kg7 35. a4 a5 36. hxg6 hxg6 37. Be4 Ne7 38. Qf3 f5 39. Bc2 Nxd5 40. c4 Ne3 41. Bd3 Ng4+ 42. Kh3 Kh6 43. Be2 Kg5 44. Qd3 Qh8+ 45. Kg2 Qh2+ 46. Kf1 Qf2# 0-1


[Site "https://www.chess.com"]

[Event "Titled Tuesday Blitz July 4 Late 2023"]
[White "Sokolov, Andrei"]
[Black "AdvanceGuard4"]
[WhiteFideId "11600306"]
[WhiteElo "2280"]
[BlackElo "2555"]
[Result "0-1"]
[Round "1"]
[TimeControl "180+2"]
[Date "2023.07.04"]
[WhiteClock "0:00:02"]
[BlackClock "0:00:43"]
[Board "144"]

1. d4 Nf6 2. c4 e6 3. g3 d5 4. Nf3 c5 5. cxd5 Nxd5 6. Bg2 Nc6 7. O-O Be7 8. Nc3 Nxc3 9. bxc3 O-O 10. Bf4 Bf6 11. e3 Qa5 12. Qb3 Qa6 13. Bd6 Rd8 14. Bxc5 b6 15. Bb4 Na5 16. Bxa5 Qxa5 17. Ne5 Bxe5 18. Bxa8 Ba6 19. Bg2 Bxf1 20. Bxf1 Bf6 21. Bd3 h5 22. Rc1 h4 23. Bb1 g6 24. Bd3 Kg7 25. a4 Qh5 26. Qd1 Qh6 27. Qg4 hxg3 28. hxg3 Rh8 29. Be4 Qh2+ 30. Kf1 Rc8 31. Bg2 Qh8 32. Qe4 Qd8 33. Qb7 Rc7 34. Qe4 Qd7 35. Qc2 Rc4 36. Ra1 Qc7 37. Ra3 e5 38. Qb3 Be7 39. Ra2 Rxc3 40. Qb5 exd4 41. exd4 Rc1+ 42. Ke2 Bf6 43. Qd5 Qe7+ 44. Kf3 Rc3+ 45. Kg4 Rd3 46. Be4 Rxd4 47. Qb7 Rxe4+ 48. Kh3 Qe6+ 49. Kg2 Qxa2 50. Qxe4 Qe6 51. Qb7 Bd4 52. Qxa7 Qe4+ 53. Kh3 Qf5+ 54. Kg2 Qxf2+ 55. Kh3 Qf5+ 56. Kh2 Qe4 57. Qc7 Be5 58. Kh3 Qh1+ 59. Kg4 Qh5# 0-1


[Site "https://www.chess.com"]

[Event "Titled Tuesday Blitz July 4 Late 2023"]
[White "The_Sherman_Variation"]
[Black "Santos, Rafael Ventura Dos"]
[BlackFideId "2122227"]
[WhiteElo "2555"]
[BlackElo "2276"]
[Result "1-0"]
[Round "1"]
[TimeControl "180+2"]
[Date "2023.07.04"]
[WhiteClock "0:00:50"]
[BlackClock "0:01:15"]
[Board "145"]

1. Nf3 Nf6 2. b3 g6 3. Bb2 Bg7 4. Nc3 O-O 5. e3 d5 6. Be2 c5 7. d4 cxd4 8. exd4 Nc6 9. O-O Re8 10. Ne5 Qb6 11. Na4 Qc7 12. Nxc6 bxc6 13. c4 Rb8 14. Rc1 Qf4 15. cxd5 cxd5 16. Nc5 Ne4 17. g3 Qh6 18. Nxe4 dxe4 19. Rc5 e3 20. Bc1 exf2+ 21. Rxf2 Qh3 22. Bc4 e6 23. Bf1 Qf5 24. Rcxf5 exf5 25. Re2 Rd8 26. Bb2 Bb7 27. Rd2 Rd7 28. Bb5 Rd6 29. Bc4 Rbd8 30. d5 Bh6 31. Re2 Bxd5 32. Bxd5 Rxd5 33. Re8+ Rxe8 34. Qxd5 Re1+ 35. Kf2 Re8 36. Qd4 Kf8 37. Qh8+ Ke7 38. Ba3+ Kd7 39. Qd4+ Kc8 40. Qc5+ Kd7 41. Qd6+ Kc8 42. Qc6+ Kd8 43. Bc5 Re6 44. Qa8+ Kd7 45. Qxa7+ Ke8 46. Qb8+ Kd7 47. Qb7+ Kd8 48. Bb6+ Ke8 49. Qc8+ Ke7 50. Qd8# 1-0


[Site "https://www.chess.com"]

[Event "Titled Tuesday Blitz July 4 Late 2023"]
[White "Saucey, Michel"]
[Black "Ozates, Tuna"]
[WhiteFideId "601845"]
[BlackFideId "6354521"]
[WhiteElo "2272"]
[BlackElo "2554"]
[Result "1/2-1/2"]
[Round "1"]
[TimeControl "180+2"]
[Date "2023.07.04"]
[WhiteClock "0:00:49"]
[BlackClock "0:00:11"]
[Board "146"]

1. d4 f5 2. Nf3 Nf6 3. g3 e6 4. Bg2 Be7 5. O-O O-O 6. c4 d6 7. Nc3 Ne4 8. Qc2 Nxc3 9. bxc3 Bf6 10. Rb1 Nc6 11. d5 exd5 12. cxd5 Ne5 13. Nd4 g6 14. Rd1 Qe7 15. c4 Rb8 16. Nc6 Nxc6 17. dxc6 b6 18. Bd5+ Be6 19. e4 Bxd5 20. exd5 Rbe8 21. Be3 Qe4 22. Qxe4 Rxe4 23. Rbc1 g5 24. Kf1 f4 25. Bd2 Bd4 26. gxf4 Bc5 27. Re1 Rxe1+ 28. Rxe1 gxf4 29. Re7 Rf7 30. Rxf7 Kxf7 31. Bxf4 Kf6 32. Ke2 Kf5 33. Be3 Bb4 34. f3 Bc3 35. h3 Be5 36. Kd3 h5 37. a4 Bf6 38. Ke2 Be5 39. Kd3 Bf6 40. Ke2 Be5 41. Kd3 1/2-1/2


[Site "https://www.chess.com"]

[Event "Titled Tuesday Blitz July 4 Late 2023"]
[White "Estrada Nieto, Julian"]
[Black "Barwinska, Ewa"]
[WhiteFideId "5101018"]
[BlackFideId "21833761"]
[WhiteElo "2553"]
[BlackElo "2272"]
[Result "1-0"]
[Round "1"]
[TimeControl "180+2"]
[Date "2023.07.04"]
[WhiteClock "0:00:17"]
[BlackClock "0:00:04"]
[Board "147"]

1. e4 c5 2. Nf3 Nc6 3. Bb5 g6 4. Bxc6 bxc6 5. O-O Bg7 6. Re1 d5 7. e5 e6 8. c3 d4 9. Qa4 Ne7 10. cxd4 cxd4 11. d3 O-O 12. Bg5 c5 13. Nbd2 h6 14. Bf6 Bxf6 15. exf6 Nd5 16. Rac1 Nf4 17. Qa3 Qxf6 18. Rxc5 Bb7 19. Ne4 Bxe4 20. Rxe4 Nh3+ 21. Kf1 Rfd8 22. Qa4 Rab8 23. Qc2 Ng5 24. Nxg5 hxg5 25. b3 Kg7 26. h3 Qe7 27. Rc7 Qd6 28. Qc5 Qxc5 29. Rxc5 Rd7 30. Ke2 Kf6 31. Ree5 Rbb7 32. Rxg5 Rbc7 33. Kd2 Rxc5 34. Rxc5 e5 35. Ra5 Kf5 36. f3 f6 37. Ke2 Kf4 38. Rc5 f5 39. Kf2 Re7 40. g3+ Kg5 41. h4+ Kh5 42. b4 e4 43. dxe4 Rb7 44. a3 Rf7 45. exf5 gxf5 46. g4+ Kg6 47. Rxf5 Rxf5 48. gxf5+ Kxf5 49. Ke2 Kf4 50. Kd3 Kxf3 51. Kxd4 Kg4 52. Kc5 Kxh4 53. a4 Kg5 54. b5 1-0


[Site "https://www.chess.com"]

[Event "Titled Tuesday Blitz July 4 Late 2023"]
[White "Spichkin, Alexander"]
[Black "Rodriguez, Santiago"]
[WhiteFideId "4144074"]
[BlackFideId "3000591"]
[WhiteElo "2270"]
[BlackElo "2552"]
[Result "1-0"]
[Round "1"]
[TimeControl "180+2"]
[Date "2023.07.04"]
[WhiteClock "0:02:13"]
[BlackClock "0:00:45"]
[Board "148"]

1. f4 d5 2. Nf3 Bg4 3. e3 c6 4. h3 Bxf3 5. Qxf3 Nd7 6. b3 e5 7. Bb2 exf4 8. Qxf4 Ngf6 9. Bd3 Be7 10. O-O Nc5 11. Nc3 Nxd3 12. cxd3 O-O 13. Ne2 Re8 14. Nd4 Qb8 15. Qf3 Qe5 16. Rab1 Qg5 17. Nf5 Bd8 18. Kh1 Re6 19. Rf2 Bc7 20. Rbf1 Rae8 21. Nxg7 Qxg7 22. Bxf6 Qg3 23. Qxg3+ Bxg3 24. Rf3 Bc7 25. Rf5 h6 26. g4 Kh7 27. g5 h5 28. h4 Kg6 29. Kg2 a5 30. Bc3 R8e7 31. Rf6+ Rxf6 32. Rxf6+ Kh7 33. Rh6+ Kg8 34. Rh8# 1-0


[Site "https://www.chess.com"]

[Event "Titled Tuesday Blitz July 4 Late 2023"]
[White "Jovic, Stanoje"]
[Black "Guimaraes, Wagner Peixoto"]
[WhiteFideId "905020"]
[BlackFideId "2100940"]
[WhiteElo "2552"]
[BlackElo "2269"]
[Result "1-0"]
[Round "1"]
[TimeControl "180+2"]
[Date "2023.07.04"]
[WhiteClock "0:00:25"]
[BlackClock "0:00:00"]
[Board "149"]

1. c4 e5 2. g3 c6 3. d4 Bb4+ 4. Bd2 Bxd2+ 5. Qxd2 d6 6. Nc3 Nf6 7. O-O-O Qe7 8. c5 exd4 9. cxd6 dxc3 10. Qxc3 Qe6 11. Bh3 Qxh3 12. Nxh3 Bxh3 13. g4 Bxg4 14. Rhg1 Kf8 15. Rxg4 Nxg4 16. d7 Nxd7 17. Rxd7 Nf6 18. Rxb7 Re8 19. Rxa7 h5 20. a4 Rh6 21. a5 Rxe2 22. Qc4 Re6 23. a6 Ne4 24. Ra8+ Ke7 25. a7 Nd6 26. Qh4+ g5 27. Qxg5+ Rhf6 28. Rb8 Re1+ 29. Kd2 Rf1 30. Qe3+ Re6 31. a8=Q Rxe3 32. Qa7+ Ke6 33. fxe3 Rf2+ 34. Ke1 Rxh2 35. Qa2+ Ke5 36. Rb4 1-0


[Site "https://www.chess.com"]

[Event "Titled Tuesday Blitz July 4 Late 2023"]
[White "Broca Jimenez, Fernando"]
[Black "Przybylski, Wojciech"]
[WhiteFideId "5104742"]
[BlackFideId "1117599"]
[WhiteElo "2264"]
[BlackElo "2552"]
[Result "0-1"]
[Round "1"]
[TimeControl "180+2"]
[Date "2023.07.04"]
[WhiteClock "0:00:05"]
[BlackClock "0:00:15"]
[Board "150"]

1. Nf3 Nf6 2. b3 b6 3. Bb2 Bb7 4. g3 g6 5. Bg2 Bg7 6. O-O O-O 7. c4 c5 8. d3 Na6 9. e4 d6 10. Nbd2 Nc7 11. Qe2 Nd7 12. Bxg7 Kxg7 13. Rfd1 Ne6 14. a4 a6 15. Nf1 Ne5 16. Ne3 Nxf3+ 17. Qxf3 Nd4 18. Qg4 h5 19. Qh4 e6 20. Qxd8 Raxd8 21. Rab1 Ne2+ 22. Kf1 Nc3 23. Rdc1 Nxb1 24. Rxb1 f5 25. Ke2 h4 26. b4 Bc6 27. bxc5 bxc5 28. Rb6 Bxa4 29. Rxa6 Be8 30. exf5 gxf5 31. gxh4 Bh5+ 32. Kd2 Kf6 33. Nc2 Rg8 34. Bc6 Ke5 35. Ra5 Rg1 36. d4+ Kf4 37. d5 e5 38. Ne3 Rb8 39. Ra2 e4 40. Bd7 Bg6 41. h5 Bh7 42. h4 Ke5 43. Bb5 f4 44. Nc2 Rg2 45. Ke1 e3 46. fxe3 fxe3 47. Nb4 Rg1+ 48. Ke2 cxb4 49. Kxe3 Rf8 50. Re2 Rg3+ 51. Kd2+ Kd4 52. Ba4 Rd3+ 53. Ke1 Re3 54. Bc2 Bxc2 0-1


[Site "https://www.chess.com"]

[Event "Titled Tuesday Blitz July 4 Late 2023"]
[White "Sadovsky, Artem"]
[Black "Modric, Nesa"]
[WhiteFideId "4155840"]
[BlackFideId "922579"]
[WhiteElo "2550"]
[BlackElo "2263"]
[Result "1-0"]
[Round "1"]
[TimeControl "180+2"]
[Date "2023.07.04"]
[WhiteClock "0:01:24"]
[BlackClock "0:00:00"]
[Board "151"]

1. Nf3 d5 2. e3 Nf6 3. c4 e6 4. Be2 Be7 5. O-O O-O 6. b3 c5 7. Bb2 Nc6 8. cxd5 exd5 9. d4 cxd4 10. Nxd4 Bc5 11. Na3 Ne4 12. Nac2 Re8 13. Rc1 Bb6 14. Nxc6 bxc6 15. Nb4 Qg5 16. Rxc6 Nxf2 17. Rxf2 Bxe3 18. Nxd5 Bxf2+ 19. Kxf2 Bb7 20. Rd6 Bxd5 21. Rxd5 Qe3+ 22. Kf1 Qf4+ 23. Bf3 Rac8 24. g3 1-0


[Site "https://www.chess.com"]

[Event "Titled Tuesday Blitz July 4 Late 2023"]
[White "rionelG"]
[Black "Richter, Paul"]
[BlackFideId "2046350"]
[WhiteElo "2263"]
[BlackElo "2550"]
[Result "1-0"]
[Round "1"]
[TimeControl "180+2"]
[Date "2023.07.04"]
[WhiteClock "0:00:07"]
[BlackClock "0:00:00"]
[Board "152"]

1. e4 c5 2. g3 Nc6 3. Bg2 g6 4. Ne2 Bg7 5. c3 e6 6. d4 cxd4 7. cxd4 Nge7 8. Nbc3 d6 9. O-O O-O 10. h3 a6 11. Be3 b5 12. Qd2 Re8 13. Rac1 Bb7 14. f4 d5 15. e5 Rc8 16. g4 Qa5 17. b3 Na7 18. Nxd5 Qxd2 19. Nxe7+ Rxe7 20. Rxc8+ Nxc8 21. Bxd2 Bxg2 22. Kxg2 Rc7 23. Rc1 Rxc1 24. Bxc1 Bf8 25. Nc3 Nb6 26. Kf3 Be7 27. Ke4 Bb4 28. Ne2 Kf8 29. Kd3 Ke8 30. Bd2 Be7 31. Ba5 Nd5 32. Ke4 Kd7 33. Nc3 Nxc3+ 34. Bxc3 Kc6 35. f5 Bg5 36. Bb4 Bc1 37. Bc3 Bg5 38. Be1 Be7 39. h4 Bf8 40. h5 gxh5 41. gxh5 Bh6 42. Bf2 Bg5 43. Be3 Bh4 44. f6 Be1 45. Kf4 Kd5 46. Kg5 Ke4 47. Bg1 Bd2+ 48. Kg4 a5 49. Bf2 a4 50. bxa4 bxa4 51. Bg1 a3 52. Bf2 Bc3 53. Kg5 Bd2+ 54. Kg4 Kd3 55. Kf3 Kc2 56. Ke4 Kb2 57. d5 exd5+ 58. Kxd5 Kxa2 59. e6 fxe6+ 60. Kxe6 Kb3 61. f7 Bb4 62. Bd4 Bf8 63. Kd7 Kc4 64. Bf6 Kd5 65. Ke8 Bc5 66. f8=Q Bxf8 67. Kxf8 Ke6 68. Kg7 a2 69. Ba1 1-0


[Site "https://www.chess.com"]

[Event "Titled Tuesday Blitz July 4 Late 2023"]
[White "Ismagilov, Damir"]
[Black "Kohler, Aran"]
[WhiteFideId "34199982"]
[BlackFideId "1002856"]
[WhiteElo "2549"]
[BlackElo "2262"]
[Result "1-0"]
[Round "1"]
[TimeControl "180+2"]
[Date "2023.07.04"]
[WhiteClock "0:00:52"]
[BlackClock "0:00:00"]
[Board "153"]

1. d4 d5 2. Bf4 Nf6 3. e3 c5 4. c3 Nc6 5. Nd2 Qb6 6. Qb3 c4 7. Qc2 g6 8. e4 dxe4 9. Nxc4 Qd8 10. Ne2 Bf5 11. Ng3 e3 12. Nxf5 exf2+ 13. Kxf2 gxf5 14. Qxf5 e6 15. Qd3 Nd5 16. Bg3 Be7 17. Be2 b5 18. Ne5 Nxe5 19. Bxe5 Rg8 20. Qxb5+ Kf8 21. Rhf1 Bd6 22. Kg1 Bxe5 23. dxe5 Qb6+ 24. Qxb6 Nxb6 25. Rad1 Ke7 26. Rd4 Rg7 27. Bf3 Rag8 28. Rfd1 Rg5 29. Re4 Rf5 30. Kf2 Nd5 31. Ra4 Kf8 32. Rxa7 Kg7 33. Rd4 Kh8 34. Rc4 Rxe5 35. Rxf7 Ne3 36. Rcc7 1-0


[Site "https://www.chess.com"]

[Event "Titled Tuesday Blitz July 4 Late 2023"]
[White "Chemin, Justo Reinaldo"]
[Black "D`Arruda, Ricardo D."]
[WhiteFideId "2101580"]
[BlackFideId "100692"]
[WhiteElo "2254"]
[BlackElo "2549"]
[Result "0-1"]
[Round "1"]
[TimeControl "180+2"]
[Date "2023.07.04"]
[WhiteClock "0:00:00"]
[BlackClock "0:01:24"]
[Board "154"]

1. d4 Nf6 2. e3 g6 3. Nf3 d5 4. b3 c6 5. Bb2 Bg7 6. c4 Nbd7 7. Nbd2 O-O 8. Bd3 b6 9. h4 h5 10. Ng5 Bb7 11. f4 e6 12. Qe2 c5 13. O-O Rc8 14. Rae1 Re8 15. Qf3 Qc7 16. Qh3 Nf8 17. Ndf3 Rcd8 18. Ne5 Qc8 19. Ngxf7 dxc4 20. bxc4 Be4 21. Bxe4 Nxe4 22. g4 Bxe5 23. fxe5 Rd7 24. Ng5 Nxg5 25. hxg5 Rh7 0-1


[Site "https://www.chess.com"]

[Event "Titled Tuesday Blitz July 4 Late 2023"]
[White "Aggelis, Nikolaos"]
[Black "Bullen, Alex"]
[WhiteFideId "4213220"]
[BlackFideId "1801627"]
[WhiteElo "2547"]
[BlackElo "2248"]
[Result "0-1"]
[Round "1"]
[TimeControl "180+2"]
[Date "2023.07.04"]
[WhiteClock "0:00:04"]
[BlackClock "0:00:55"]
[Board "155"]

1. e4 c5 2. Nc3 e6 3. f4 d5 4. Bb5+ Bd7 5. exd5 exd5 6. Qe2+ Be7 7. Nxd5 Bxb5 8. Qxb5+ Nc6 9. Nxe7 Qxe7+ 10. Ne2 Nf6 11. O-O a6 12. Qd3 Nb4 13. Qf3 Nxc2 14. Rb1 O-O 15. b3 Rad8 16. Ng3 Nd4 17. Qd3 Ng4 18. Bb2 Qh4 19. h3 Qxg3 20. Qxg3 Ne2+ 21. Kh1 Nxg3+ 22. Kg1 Nxf1 23. Rxf1 Nf6 0-1


[Site "https://www.chess.com"]

[Event "Titled Tuesday Blitz July 4 Late 2023"]
[White "Mendez Machado, Andre"]
[Black "Cremisi, Daniel"]
[WhiteFideId "6603793"]
[BlackFideId "2089882"]
[WhiteElo "2243"]
[BlackElo "2547"]
[Result "0-1"]
[Round "1"]
[TimeControl "180+2"]
[Date "2023.07.04"]
[WhiteClock "0:00:00"]
[BlackClock "0:01:45"]
[Board "156"]

1. e4 e6 2. d4 d5 3. Nd2 a6 4. c3 c5 5. e5 Bd7 6. Ngf3 Bb5 7. Be2 Bxe2 8. Qxe2 c4 9. O-O Nc6 10. b3 b5 11. a4 Nh6 12. h4 Be7 13. g3 O-O 14. Kg2 Nf5 15. bxc4 dxc4 16. Ne4 Qd5 17. Kh3 b4 18. g4 Nh6 19. Bxh6 gxh6 20. g5 Kh8 21. Rg1 hxg5 22. Nfxg5 f6 23. exf6 Qf5+ 24. Kh2 Bxf6 25. Qh5 Bxg5 26. Nxg5 Qxf2+ 27. Rg2 Qf4+ 28. Kh1 Qf5 29. Rag1 bxc3 30. Rf2 Qg6 31. Nf7+ Rxf7 32. Rxg6 Rxf2 33. Rxe6 c2 0-1


[Site "https://www.chess.com"]